 Dungeon Crawl Stone Soup version 0.30-a0-728-gc68057be0a (webtiles) character file.

Game seed: 6190133051294864017

2731 drewk1942 the Prestidigitator (level 9, -1/102 HPs)
             Began as a Gnoll Wanderer on Jan 30, 2023.
             Was a Priest of Fedhas.
             Slain by Duvessa
             ... wielding a +0 short sword
              (10 damage)
             ... on level 7 of the Dungeon.
             The game lasted 00:12:04 (6201 turns).

drewk1942 the Prestidigitator (Gnoll Wanderer)      Turns: 6201, Time: 00:12:05

Health: -1/102     AC: 24    Str: 20    XL:     9   Next: 67%
Magic:  15/15      EV:  2    Int: 11    God:    Fedhas [***...]
Gold:   382        SH:  0    Dex: 14    Spells: 16/17 levels left

rFire   + . .      SeeInvis .    a - +0 hand axe
rCold   + . .      Faith    .    B - orb {*Rage}
rNeg    . . .      Spirit   .    (body armour currently unavailable)
rPois   +          Reflect  .    (helmet currently unavailable)
rElec   +          Harm     .    (cloak currently unavailable)
rCorr   +          Rampage  .    (gloves currently unavailable)
Will    +....      Rage     20%  (boots currently unavailable)
Stlth   ++         NoTele   +    u - amulet of magic regeneration
HPRegen 0.37/turn                j - +6 ring of strength
MPRegen 0.54/turn                G - ring of willpower

@: brilliant, tree-form, silenced, resistant, on berserk cooldown, hasted, very
quick
A: stationary, stasis, torment immunity, boosted hp, (fangs 1), strong nose,
distributed training, (heat vulnerability 1), noise suppression
a: Renounce Religion


You were on level 7 of the Dungeon.
You worshipped Fedhas.
Fedhas was most pleased with you.
You were a tree.
You visited 1 branch of the dungeon, and saw 7 of its levels.

You collected 382 gold pieces.

Inventory:

Hand Weapons
 a - a +0 hand axe (weapon)
 m - a +2 dire flail of protection
Missiles
 b - 2 boomerangs
 z - 2 poisoned darts
 K - 6 javelins (quivered)
Armour
 e - a +1 leather armour
 g - the +1 Delatra's gloves {ID++}
   (You found it on level 4 of the Dungeon)

   ID++:      It heals its wearer when they drink unknown potions, and restores
   their MP when they read unknown scrolls.
 i - the +18 Lear's hauberk (melded)
   (You acquired it on level 4 of the Dungeon)
 r - a +0 buckler
 w - a +1 pair of gloves
 B - an orb of wrath (worn)
Magical Staves
 t - a staff of earth
Jewellery
 j - a +6 ring of strength (left branch)
 u - an amulet of magic regeneration (around neck)
 G - a ring of willpower (right branch)
 J - a ring of resist corrosion
Scrolls
 d - a scroll of fog
 f - 4 scrolls of identify
 h - 3 scrolls of teleportation
 o - a scroll of enchant armour
 q - 2 scrolls of blinking
 s - 2 scrolls of noise {unknown}
 x - a scroll of fear {unknown}
 y - 2 scrolls of amnesia {unknown}
 C - a scroll of magic mapping {unknown}
 D - a scroll of acquirement
 F - 2 scrolls of immolation {unknown}
 H - a scroll of brand weapon {unknown}
Potions
 l - a potion of mutation
 p - a potion of resistance
 I - a potion of berserk rage {unknown}


   Skills:
 + Level 5.4 Fighting
 + Level 4.6 Short Blades
 + Level 4.6 Long Blades
 + Level 6.6 Axes
 + Level 4.6 Maces & Flails
 + Level 4.6 Polearms
 + Level 4.6 Staves
 + Level 4.6 Ranged Weapons
 + Level 4.6 Throwing
 + Level 4.6 Armour
 + Level 5.4 Dodging
 + Level 5.2 Stealth
 + Level 4.6 Shields
 + Level 4.6 Unarmed Combat
 + Level 4.6 Spellcasting
 + Level 3.8 Conjurations
 + Level 3.8 Hexes
 + Level 3.8 Summonings
 + Level 3.8 Necromancy
 + Level 3.8 Translocations
 + Level 3.8 Transmutations
 + Level 3.8 Fire Magic
 + Level 3.8 Ice Magic
 + Level 3.8 Air Magic
 + Level 3.8 Earth Magic
 + Level 3.8 Poison Magic
 + Level 5.1 Invocations
 + Level 11.4 Evocations


You had 16 spell levels left.
You knew the following spells:

 Your Spells              Type           Power      Damage    Failure   Level
a - Necrotise             Necr           64%        1d7       4%          1

Your spell library contained the following spells:

 Spells                   Type           Power      Damage    Failure   Level
 Apportation              Tloc           32%        N/A       4%          1
 Summon Small Mammal      Summ           64%        N/A       4%          1
 Gell's Gravitas          Tloc           16%        N/A       14%         3
 Teleport Other           Tloc           16%        N/A       14%         3
 Conjure Ball Lightning   Conj/Air       8%         3x3d6     100%        6
 Dispersal                Tloc           8%         N/A       100%        6
 Discord                  Hex            8%         N/A       100%        8
 Disjunction              Tloc           8%         N/A       100%        8


Dungeon Overview and Level Annotations

Branches:
Dungeon (7/15)             Temple (0/1) D:7

Altars:
Ashenzari
Cheibriados
Elyvilon
Fedhas
Zin

Shops:
D:4 *   D:7 (

Annotations:
D:5 2 transporters
D:7 Duvessa


Innate Abilities, Weirdness & Mutations

You are a tree.
Your roots penetrate the ground, keeping you stationary.
You cannot be teleported.
You are immune to unholy pain and torment.
Your maximum health is greatly increased.
Your equipment is partially melded.
((You have very sharp teeth.))
Your uncanny sense of smell can sniff out nearby items.
Your experience applies equally to all skills.
((You are vulnerable to heat. (rF-)))
You passively dampen the noise of your surroundings.


Message History

You slash Duvessa! You bite Duvessa, but do no damage.
Duvessa is heavily wounded.
Duvessa hits you with a +0 short sword!
* * * LOW HITPOINT WARNING * * *
Duvessa hits you but does no damage.
You closely miss Duvessa.
Duvessa is heavily wounded.
Duvessa barely misses you. Duvessa hits you but does no damage.
Magic scrolls do not work when you're silenced!
You feel better. Duvessa hits you but does no damage.
Duvessa hits you with a +0 short sword.
* * * LOW HITPOINT WARNING * * *
You hit Duvessa. You bite Duvessa, but do no damage.
Duvessa is heavily wounded.
Duvessa barely misses you. Duvessa hits you but does no damage.
Duvessa hits you with a +0 short sword!
* * * LOW HITPOINT WARNING * * *
It was a potion of mutation.
You feel extremely strange.
You feel your surroundings grow quieter.
You feel vulnerable to heat. Duvessa misses you.
Duvessa hits you but does no damage.
It was a potion of resistance.
You feel protected.
You feel yourself speed up. Duvessa hits you but does no damage.
Duvessa hits you with a +0 short sword.
* * * LOW HITPOINT WARNING * * *
It was a potion of haste.
You feel yourself speed up. Duvessa hits you but does no damage. x2
It was a potion of brilliance.
You feel clever all of a sudden. Duvessa closely misses you.
It was a potion of magic.
Magic courses through your body.
It was a potion of lignification.
You turn into a tree.
The +18 Lear's hauberk melds into your body.
Your roots penetrate the ground.
Duvessa hits you with a +0 short sword.
* * * LOW HITPOINT WARNING * * *
You hit Duvessa.
Duvessa is heavily wounded.
Duvessa hits you with a +0 short sword!
You die...
Fedhas appreciates your contribution to the ecosystem.

∆ ..≈≈≈≈.≈≈ #
#.≈:..... #
#.≈.≈≈≈≈≈.≈ #
#.§.≈...≈.≈. #
#.≈.≈._.≈.≈. #
#.§.≈...≈.≈. #
#e≈..≈≈≈≈§§. #
#♣≈.......≈.
####
#.≈≈≈≈≈≈≈§≈.
#...
#.##..?).....§(
#...
#............#
#...
#######.######
#... #.# #...
###.# #...
#...# #...
#.### ##.#


You could see Duvessa (berserk).

Vanquished Creatures
  Sigmund (D:3)
  Edmund (D:5)
  2 orc warriors
  3 ice beasts
  A sky beast (D:6)
  2 black bears (D:5)
  2 ogres (D:5)
  A centaur (D:6)
  A phantom (D:4)
  A gnoll sergeant (D:7)
  A necrophage (D:7)
  2 scorpions (D:6)
  8 wights (D:6)
  Dowan (D:7)
  4 howler monkeys
  3 jellies
  An orc priest (D:3)
  3 iguanas
  2 orc wizards (D:4)
  5 gnolls
  11 adders
  A white imp (D:5)
  3 worms
  2 dart slugs
  25 orcs
  13 endoplasms
  6 giant cockroaches
  6 goblins
  9 hobgoblins
  3 quokkas
  6 ball pythons
  3 bats
  4 frilled lizards
  9 kobolds
  9 rats
155 creatures vanquished.

Notes
Turn   | Place    | Note
-------+----------+-------------------------------------------
     0 | D:1      | Reached skill level 10 in Evocations
     0 | D:1      | drewk1942 the Gnoll Wanderer began the quest for the Orb.
     0 | D:1      | drewk1942 set off with the following items: a +0 hand axe,
                  | a wand of flame (14), a scroll of silence, a scroll of fog,
                  | a +0 leather armour.
     0 | D:1      | Reached XP level 1. HP: 17/17 MP: 1/1
   160 | D:1      | Reached XP level 2. HP: 16/23 MP: 2/2
   484 | D:1      | Reached XP level 3. HP: 28/28 MP: 3/3
   764 | D:1      | Reached skill level 1 in Invocations
   931 | D:2      | Reached skill level 1 in Short Blades
   931 | D:2      | Reached skill level 1 in Long Blades
   931 | D:2      | Reached skill level 1 in Maces & Flails
   931 | D:2      | Reached skill level 1 in Polearms
   931 | D:2      | Reached skill level 1 in Staves
   931 | D:2      | Reached skill level 1 in Ranged Weapons
   931 | D:2      | Reached skill level 1 in Throwing
   931 | D:2      | Reached skill level 1 in Armour
   931 | D:2      | Reached skill level 1 in Shields
   931 | D:2      | Reached skill level 1 in Unarmed Combat
   931 | D:2      | Reached skill level 1 in Spellcasting
  1001 | D:2      | Found a blossoming altar of Fedhas.
  1008 | D:2      | Reached XP level 4. HP: 28/34 MP: 5/5
  1012 | D:2      | Became a worshipper of Fedhas Madash
  1168 | D:2      | Reached skill level 1 in Conjurations
  1168 | D:2      | Reached skill level 1 in Hexes
  1168 | D:2      | Reached skill level 1 in Summonings
  1168 | D:2      | Reached skill level 1 in Necromancy
  1168 | D:2      | Reached skill level 1 in Translocations
  1168 | D:2      | Reached skill level 1 in Transmutations
  1168 | D:2      | Reached skill level 1 in Fire Magic
  1168 | D:2      | Reached skill level 1 in Ice Magic
  1168 | D:2      | Reached skill level 1 in Air Magic
  1168 | D:2      | Reached skill level 1 in Earth Magic
  1168 | D:2      | Reached skill level 1 in Poison Magic
  1437 | D:2      | Found a faded altar of an unknown god.
  1716 | D:3      | Learned a level 1 spell: Necrotise
  1758 | D:3      | Reached XP level 5. HP: 41/41 MP: 5/7
  1761 | D:3      | Reached * piety under Fedhas
  1850 | D:3      | Noticed Sigmund
  1854 | D:3      | Killed Sigmund
  1855 | D:3      | Reached skill level 5 in Axes
  1855 | D:3      | Reached XP level 6. HP: 47/47 MP: 7/9
  2246 | D:4      | Identified a scroll of acquirement
  2246 | D:4      | Acquired the +18 Lear's hauberk
  2246 | D:4      | Found the +18 Lear's hauberk
  2264 | D:4      | Found Zin's Purification Station.
  2269 | D:4      | Found a glowing silver altar of Zin.
  2295 | D:4      | Noticed an orc warrior
  2340 | D:4      | Killed an orc warrior
  2341 | D:4      | Reached XP level 7. HP: 10/52 MP: 10/10
  2398 | D:4      | Found the +1 Delatra's gloves {ID++}
  2569 | D:4      | Reached ** piety under Fedhas
  2883 | D:4      | Identified the +3 ring mail of Salukor {Int+3 Dex+5}
  3475 | D:5      | Entered Level 5 of the Dungeon
  3610 | D:5      | Found a white marble altar of Elyvilon.
  3610 | D:5      | Noticed a shadow
  3612 | D:5      | Found a blossoming altar of Fedhas.
  3612 | D:5      | Noticed a vampire mosquito
  3613 | D:5      | Noticed a yak
  3614 | D:5      | Found a transporter.
  3614 | D:5      | Noticed a yak
  3624 | D:5      | Found a transporter.
  3756 | D:5      | Reached XP level 8. HP: 47/60 MP: 12/12
  4058 | D:5      | Identified the +3 trident of Ambiguity {heavy, rCorr Int+2}
  4119 | D:5      | Noticed Edmund
  4191 | D:5      | Killed Edmund
  4192 | D:5      | Reached skill level 11 in Evocations
  4767 | D:6      | Reached *** piety under Fedhas
  4967 | D:6      | Reached XP level 9. HP: 66/66 MP: 14/14
  5423 | D:6      | Reached skill level 5 in Fighting
  5423 | D:6      | Reached skill level 5 in Dodging
  5572 | D:6      | Reached skill level 5 in Stealth
  5796 | D:7      | Found a staircase to the Ecumenical Temple.
  5855 | D:7      | Found Ycoatemp's Antique Weapon Boutique.
  5919 | D:7      | Reached skill level 5 in Invocations
  5982 | D:7      | Found a broken altar of Ashenzari.
  6171 | D:7      | Found a snail-covered altar of Cheibriados.
  6172 | D:7      | Noticed Dowan
  6173 | D:7      | Noticed Duvessa
  6174 | D:7      | Killed Dowan
  6195 | D:7      | Gained mutation: You passively dampen the noise of your
                  | surroundings. [potion of mutation]
  6195 | D:7      | Gained mutation: You are vulnerable to heat. (rF-) [potion
                  | of mutation]
  6201 | D:7      | Slain by Duvessa

Illustrated notes

Levels and vault maps discovered:
D:1:      lightli_arrival_flooded_house, layout_basic
D:2:      layout_basic, basic_altar, ebering_ecumenical_altar_rust,
          kennysheep_doodads, minmay_strange_pillars, dk_noncrumbling_4
D:3:      layout_rooms, uniq_sigmund
D:4:      layout_loops_corners, zin_purify, pf_guarded_unrand_delatra
D:5:      layout_loops_corners, gammafunk_temple_overflow_arena, uniq_edmund
D:6:      layout_basic
D:7:      layout_loops_ring, ashenzari_altar_1,
          mainiacjoe_overflow_concentric_impassable,
          minmay_temple_entry_glassed_door, serial_shops,
          nicolae_shop_advertising_works [nicolae_subvault_shop_adworks],
          uniq_duvessa

Skill      XL: |  1  2  3  4  5  6  7  8  9 |
---------------+----------------------------+-----
Evocations     | 11 | 11.4
Invocations    | 1 2 3 4 5 |  5.1
Short Blades   | 1 2 3 4 |  4.6
Long Blades    | 1 2 3 4 |  4.6
Maces & Flails | 1 2 3 4 |  4.6
Polearms       | 1 2 3 4 |  4.6
Staves         | 1 2 3 4 |  4.6
Ranged Weapons | 1 2 3 4 |  4.6
Throwing       | 1 2 3 4 |  4.6
Armour         | 1 2 3 4 |  4.6
Shields        | 1 2 3 4 |  4.6
Unarmed Combat | 1 2 3 4 |  4.6
Spellcasting   | 1 2 3 4 |  4.6
Conjurations   | 1 2 3 |  3.8
Hexes          | 1 2 3 |  3.8
Summonings     | 1 2 3 |  3.8
Necromancy     | 1 2 3 |  3.8
Translocations | 1 2 3 |  3.8
Transmutations | 1 2 3 |  3.8
Fire Magic     | 1 2 3 |  3.8
Ice Magic      | 1 2 3 |  3.8
Air Magic      | 1 2 3 |  3.8
Earth Magic    | 1 2 3 |  3.8
Poison Magic   | 1 2 3 |  3.8
Fighting       | 3 4 5 |  5.4
Dodging        | 3 4 5 |  5.4
Axes           | 5 6 |  6.6
Stealth        | 3 4 5 |  5.2

Action                     |  1- 3 |  4- 6 |  7- 9 || total
---------------------------+-------+-------+-------++-------
  Melee: Hand axe          |   106 |   126 |   528 ||   760
         Bite              |     7 |    10 |    78 ||    95
         Punch             |       |     5 |     1 ||     6
  Throw: Dart              |       |       |     2 ||     2
         Javelin           |       |       |     4 ||     4
  Evoke: Wand              |     1 |    13 |       ||    14
    Use: Scroll            |       |     6 |     1 ||     7
         Potion            |       |     1 |     8 ||     9
   Stab: Sleeping          |     7 |     6 |       ||    13
 Armour: Leather armour    |    23 |    16 |       ||    39
         Chain mail        |       |    16 |   330 ||   346
  Dodge: Dodged            |    46 |    51 |   186 ||   283
  Block: Buckler           |       |       |    61 ||    61

Table legend: (Time is in decaauts)
 A = Elapsed time spent in this place.
 B = Non-inter-level travel time spent in this place.
 C = Inter-level travel time spent in this place.
 D = Time resting spent in this place.
 E = Time spent auto-exploring this place.
 F = Levels seen in this place.
 G = Mean time per level.
                   A        B        C        D        E       F      G
               +--------+--------+--------+--------+--------+-----+--------+
         Total |   6352 |   6189 |    163 |    316 |   4400 |   7 |  907.4 |
       Dungeon |   6352 |   6189 |    163 |    316 |   4400 |   7 |  907.4 |
               +--------+--------+--------+--------+--------+-----+--------+

Top non-repeatable levels by time:
     D:5: 1281 daAuts
     D:4: 1249 daAuts
     D:6: 1011 daAuts
     D:1: 878 daAuts
     D:2: 820 daAuts
     D:7: 562 daAuts
     D:3: 548 daAuts
